 Dungeon Crawl Stone Soup version 0.24-a0-284-g9fb9971df1 (webtiles) character file.

Game seed: 2320993281064131434

32 Redear the Insei (level 3, -2/23 HPs)
             Began as an Octopode Transmuter on May 4, 2019.
             Slain by a gnoll
             ... wielding a +0 spear
              (7 damage)
             ... on level 2 of the Dungeon.
             The game lasted 00:04:07 (1001 turns).

Redear the Insei (Octopode Transmuter)              Turns: 1001, Time: 00:04:08

Health: -2/23      AC:  1    Str: 10    XL:     3   Next: 25%
Magic:  6/6        EV: 13    Int: 15    God:
Gold:   45         SH:  0    Dex: 12    Spells: 6/7 levels left

rFire    . . .     SeeInvis +     - Unarmed
rCold    . . .     Gourm    .   (no shield)
rNeg     . . .     Faith    .   (helmet restricted)
rPois    .         Spirit   .   (no amulet)
rElec    .         Reflect  .   s - ring of see invisible (curse) {SInv}
rCorr    .         Harm     .   (no ring)
MR       .....                  (no ring)
Stlth    ++........             (no ring)
HPRegen  0.07/turn              (no ring)
MPRegen  0.10/turn              (no ring)
                                (no ring)
                                (no ring)

@: no status effects
A: almost no armour, stealthy swim, amphibious, 8 rings, constrict 8, camouflage
1, gelatinous body 1
a: no special abilities


You were on level 2 of the Dungeon.
You were not hungry.

You visited 1 branch of the dungeon, and saw 2 of its levels.

You collected 45 gold pieces.

Inventory:

Missiles
 a - 34 arrows
Armour
 f - a +0 buckler
Jewellery
 s - a cursed ring of see invisible (left tentacle) {SInv}
Wands
 g - a wand of polymorph (9)
Scrolls
 d - a scroll of enchant weapon {unknown}
 i - a scroll of blinking {unknown}
Potions
 b - a potion of haste {unknown}
 c - a potion of curing {unknown}
 e - a potion of degeneration {unknown}
Comestibles
 h - a chunk of flesh
 z - 4 rations


   Skills:
 - Level 1.0 Fighting
 - Level 2.0 Dodging
 + Level 3.4 Unarmed Combat
 + Level 2.5 Spellcasting
 + Level 2.6 Transmutations


You had 6 spell levels left.
You knew the following spells:

 Your Spells              Type           Power        Failure   Level  Hunger
z - Beastly Appendage     Tmut           #.....       8%          1    #......

Your spell library contained the following spells:

 Spells                   Type           Power        Failure   Level  Hunger
 Sticks to Snakes         Tmut           #.......     11%         2    ###....
 Spider Form              Tmut/Pois      #.........   36%         3    ###....
 Ice Form                 Ice/Tmut       #.......     77%         4    #####..
 Blade Hands              Tmut           #.........   90%         5    ######.


Dungeon Overview and Level Annotations

Branches:
Dungeon (2/15)

Altars:


Innate Abilities, Weirdness & Mutations

You cannot wear most types of armour.
You are very stealthy in the water. (Stealth+)
You are amphibious.
You can wear up to eight rings at the same time.
You can use your tentacles to constrict eight enemies at once.
Your skin changes colour to match your surroundings (Stealth+).
Your rubbery body absorbs attacks. (AC +1, EV +1)


Message History

The gnoll misses you.
You closely miss the gnoll. You grab the gnoll.
You pierce the gnoll, but do no damage.
You squeeze the gnoll.
The gnoll is moderately wounded.
You constrict the gnoll. The gnoll hits you with a +0 spear.
You take 6 damage, and have 11/23 hp.
MASSIVE DAMAGE!!
You tentacle-slap the gnoll.
You pierce the gnoll.
The gnoll is heavily wounded.
You constrict the gnoll. The gnoll hits you with a +0 spear.
* * * LOW HITPOINT WARNING * * *
You take 5 damage, and have 6/23 hp.
MASSIVE DAMAGE!!
You release your grip on the gnoll.
The gnoll hits you from afar with a +0 spear.
* * * LOW HITPOINT WARNING * * *
You take 1 damage, and have 5/23 hp.
Okay, then.
Unknown command.
Your tentacle spike disappears.
The gnoll hits you from afar with a +0 spear!
You die...

#..#...## #.......#
##.#.#.## #g#)#.#
#g#.#.# #g#.#.#
#.#.#.#
#############†#.#.#
#.....@.gg.gg.#.#.#
###############.#.#
#.#.# ##### #.#.#
#...# #.#.#
#.#.###########.#.#
#.#............<..#
#.#################
#.#######.#


You could see 4 gnolls.

Vanquished Creatures
  An adder (D:2)
  An ooze (D:1)
  6 goblins
  A hobgoblin (D:1)
  2 bats
  2 frilled lizards
  2 kobolds (D:1)
  3 rats (D:1)
18 creatures vanquished.

Notes
Turn   | Place    | Note
-------+----------+-------------------------------------------
     0 | D:1      | Redear the Octopode Transmuter began the quest for the Orb.
     0 | D:1      | Reached XP level 1. HP: 13/13 MP: 3/3
    43 | D:1      | Reached XP level 2. HP: 16/18 MP: 5/5
   774 | D:2      | Reached XP level 3. HP: 23/23 MP: 4/6
  1001 | D:2      | Slain by a gnoll

Levels and vault maps discovered:
D:1:      dpeg_arrival_tiny_g, layout_rooms
D:2:      layout_basic, grunt_temple_overflow_diamond,
          gammafunk_temple_overflow_statue, lemuel_blue_sif_altar, first_ration

Action                   || total
-------------------------++-------
Melee: Unarmed           ||    43
       Tentacles         ||     6
       Constrict         ||     9
       Punch             ||     3
       Kick              ||     4
 Cast: Beastly Appendage ||     4
 Stab: Sleeping          ||     5
Armor: Skin              ||     1
Dodge: Dodged            ||    32

Table legend:
 A = Non-vault XP
 B = Vault XP
 C = Vault XP percentage of total XP
 D = Non-vault monster count
 E = Vault monster count
 F = Vault count percentage of total count
                 A         B        C        D         E       F
            +---------+---------+-------+---------+---------+-------
      Total |      46 |       0 |   0.0 |      18 |       0 |   0.0
            +---------+---------+-------+---------+---------+-------
        D:1 |      25 |       0 |   0.0 |      13 |       0 |   0.0
        D:2 |      21 |       0 |   0.0 |       5 |       0 |   0.0
            +---------+---------+-------+---------+---------+-------
